Map: Blackburn LE

Players

RuFLaSH

  • Race: Terran Terran

Newgaramond - Winner!

  • Race: Zerg Zerg
  • League: Gold

VOD

Have the link to the VOD?

Description

Time

  • Played on: June 1, 2021, 9:01 a.m.
  • Length: 12:46
Show
View Real Time Build Order
Export as new Build Order

RuFLaSH Terran 

Build Orders:  

Get SALT Encoding   

  12  0:00  SCV  
  13  0:13  SCV  
  14  0:18  Supply Depot  
  14  0:25  SCV  
  15  0:33  Refinery  
  15  0:40  SCV  
  16  0:46  Barracks  
  16  0:52  SCV  
  17  1:06  Supply Depot  
  17  1:09  SCV  
  18  1:19  Barracks  
  18  1:21  SCV  
  19  1:33  SCV  
  19  1:35  Barracks  
  20  1:51  Marine  
  20  1:52  Orbital Command  
  21  2:06  Barracks Reactor  
  21  2:09  Marine  
  22  2:18  SCV  
  22  2:22  Barracks Reactor  
  23  2:26  Marine  
  24  2:30  SCV  
  25  2:43  SCV  
  26  2:44  Supply Depot  
  26  2:46  Supply Depot  
  26  2:48  Supply Depot  
  26  2:49  Barracks Reactor  
  26  2:50  Marine x2  
  28  2:55  SCV  
  29  2:59  Marine x2  
  31  3:08  Marine x2  
  31  3:12  Supply Depot  
  33  3:17  Marine x2  
  35  3:26  Marine x2  
  37  3:27  Marine x2  
  39  3:35  Marine x2  
  41  3:43  Marine  
  41  3:44  Marine  
  41  3:45  Marine x2  
  45  3:52  Marine  
  45  3:53  Marine  
  47  4:01  Marine x2  
  49  4:03  Marine x2  
  51  4:10  Marine x2  
  53  4:19  Marine x2  
  53  4:21  Marine x2  
  57  4:28  Marine x2  
  55  4:37  Marine x2  
  44  4:39  Marine  
  41  5:03  Command Center, Factory  
  41  5:04  Factory  
  41  5:07  Refinery  
  41  5:17  Marine x4  
  41  5:18  Marine x2  
  47  5:41  Marine  
  47  5:42  Marine x5  
  53  5:44  SCV  
  54  5:50  Factory Tech Lab x2  
  54  5:56  SCV  
  55  6:04  Armory  
  55  6:09  Supply Depot x2  
  55  6:10  Supply Depot  
  55  6:15  Siege Tank  
  61  6:18  Siege Tank  
  61  6:20  Marine x4  
  61  6:21  Marine x2  
  61  6:24  Orbital Command  
  67  6:28  SCV  
  68  6:40  Refinery  
  68  6:45  Marine x5  
  73  7:03  SCV x2  
  75  7:13  Siege Tank  
  75  7:15  SCV x2  
  80  7:20  Siege Tank  
  80  7:21  Marine x2  
  80  7:22  Marine x3  
  88  7:27  SCV x2  
  90  8:11  Siege Tank, Marine x2  
  90  8:12  Marine x4  
  99  8:13  Siege Tank  
  102  8:30  Marine  
  102  8:33  Marine  
  102  8:52  Supply Depot  
  102  8:55  Supply Depot  
  102  8:56  Supply Depot  
  102  8:59  Supply Depot  
  102  9:03  Supply Depot  
  102  9:09  Refinery  
  102  9:14  Siege Tank, Marine x5  
  102  9:16  Marine  
  111  9:17  Starport  
  111  9:40  Marine x5  
  111  9:41  Marine  
  111  9:43  Siege Tank  
  120  9:46  Siege Tank  
  123  10:18  Marine x5  
  123  10:19  Marine  
  100  10:36  Marine x2  
  78  10:51  Marine x4  
  78  10:52  Siege Tank x2  
  78  10:54  Marine x2  
  78  10:55  SCV x2  
  92  11:03  Starport Tech Lab  
  92  11:08  Marine  
  92  11:09  Marine x3  
  92  11:10  Fusion Core  
  96  11:11  Marine x2  
  98  11:24  Siege Tank x2  
  101  11:26  Marine x2  
  101  11:29  Marine x4  
  107  11:32  Medivac  
  109  11:44  Marine x2  
  109  11:46  Marine  
Show
View Real Time Build Order
Export as new Build Order

Newgaramond Zerg - Winner!

Build Orders: Hatch First 

Get SALT Encoding   

  12  0:08  Drone  
  13  0:15  Drone  
  13  0:18  Overlord  
  14  0:22  Extractor  
  14  0:24  Drone  
  15  0:36  Drone  
  16  0:51  Hatchery  
  16  0:54  Drone  
  16  1:11  Drone x2  
  18  1:16  Spawning Pool  
  17  1:19  Drone  
  18  1:30  Drone  
  19  1:36  Extractor  
  20  1:40  Extractor  
  20  1:43  Hatchery  
  18  2:08  Drone x3, Extractor  
  20  2:14  Roach Warren  
  20  2:15  Queen  
  21  2:23  Overlord  
  21  2:33  Drone  
  22  2:50  Drone  
  23  2:52  Queen  
  23  2:56  Roach  
  23  2:57  Roach  
  23  2:58  Queen  
  31  3:27  Roach x2  
  31  3:29  Overlord x2  
  35  3:49  Roach x4  
  35  3:51  Zergling x2  
  44  4:02  Queen  
  46  4:14  Spine Crawler  
  45  4:25  Roach  
  45  4:26  Roach x2  
  44  4:40  Roach x2  
  48  5:00  Roach x2  
  48  5:04  Overlord  
  48  5:05  Overlord  
  52  5:16  Lair  
  52  5:23  Drone x2  
  54  5:42  Drone x3  
  57  5:43  Drone x2  
  59  6:04  Ravager x8  
  60  6:05  Ravager  
  68  6:13  Overlord  
  68  6:14  Overlord  
  68  6:19  Extractor  
  68  6:21  Extractor  
  66  6:26  Ravager x2  
  70  6:39  Ravager  
  71  7:07  Drone  
  71  7:08  Drone x12  
  83  7:09  Hatchery  
  83  7:10  Overlord  
  83  7:28  Extractor x2  
  81  7:48  Roach x5  
  82  8:09  Roach x2  
  82  8:10  Roach x3  
  92  8:17  Overseer  
  92  8:28  Roach  
  92  8:29  Roach x2  
  98  8:44  Overlord  
  98  8:45  Overlord x3  
  98  8:47  Pneumatized Carapace  
  98  9:02  Baneling Nest  
  97  9:05  Drone x2  
  97  9:06  Drone x15  
  114  9:20  Spire  
  113  9:25  Hatchery  
  113  9:27  Drone x5, Spore Crawler x2  
  113  9:29  Drone  
  113  9:30  Spore Crawler  
  115  9:31  Overseer  
  115  9:34  Roach  
  115  9:35  Roach  
  119  9:46  Roach  
  119  9:47  Roach x4  
  112  10:52  Extractor  
  112  10:53  Extractor  
  112  10:54  Mutalisk x9  
  128  10:59  Overlord  
  128  11:00  Overlord x5  
  126  11:38  Mutalisk x6  
  138  11:43  Zergling x2  
  138  11:44  Zergling x32  
Tags
 
League
Gold
Matchup
TvZ
Add a new tag
Caveats
  • Supply blocks, unpowered buildings, or Contaminate may cause inaccurate times.
  • Supply counts are checked every 10 seconds.